 Dungeon Crawl Stone Soup version 0.26.0-18-gc5c842f807 (webtiles) character file.

Game seed: 6483915869377346729

2985 xSliceyx the Fighter (level 9, -14/60 HPs)
             Began as a Gargoyle Fighter on Jan 23, 2021.
             Was a High Priest of Cheibriados.
             Demolished by an earth elemental (18 damage)
             ... summoned by a deep elf mage
             ... on level 7 of the Dungeon.
             The game lasted 00:25:46 (5879 turns).

xSliceyx the Fighter (Gargoyle Fighter)             Turns: 5879, Time: 00:25:46

Health: -14/60     AC: 20    Str: 39    XL:     9   Next: 83%
Magic:  14/14      EV:  7    Int: 22    God:    Cheibriados [*****.]
Gold:   372        SH: 15    Dex: 28    Spells: 8/8 levels left

rFire    + . .     SeeInvis .   b - +2 long sword (curse)
rCold    + . .     Faith    .   c - +1 kite shield
rNeg     + . .     Spirit   .   B - +0 chain mail
rPois    ∞         Reflect  .   (no helmet)
rElec    +         Harm     .   e - scarf {rC+ rF+}
rCorr    .         Rampage  .   j - +0 pair of gloves
Will     .....                  k - +0 pair of boots
Stlth    ..........             (no amulet)
HPRegen  0.20/turn              d - +6 ring of strength
MPRegen  0.14/turn              g - +6 ring of dexterity

@: very slow
A: negative energy resistance 1, electricity resistance, unbreathing,
petrification resistance, miasma immunity, AC +6
a: Renounce Religion, Bend Time, Temporal Distortion, Slouch, Step From Time


You were on level 7 of the Dungeon.
You worshipped Cheibriados.
Cheibriados was extremely pleased with you.
You visited 1 branch of the dungeon, and saw 7 of its levels.
You also visited: Ossuary.

You collected 372 gold pieces.

Inventory:

Hand Weapons
 b - a cursed +2 long sword (weapon)
Missiles
 v - 7 poisoned darts (quivered)
Armour
 c - a +1 kite shield (worn)
 e - a scarf of resistance (worn)
 j - a +0 pair of gloves (worn)
 k - a +0 pair of boots (worn)
 n - the +1 leather armour of the Lily {rF+ Dex+5}
   (You found it on level 7 of the Dungeon)

   It affects your dexterity (+5).
   It protects you from fire.
 B - a +0 chain mail (worn)
Jewellery
 d - a +6 ring of strength (left hand)
 g - a +6 ring of dexterity (right hand)
Wands
 t - a wand of flame (15)
 x - a wand of polymorph (9)
Scrolls
 a - a scroll of enchant weapon
 f - 4 scrolls of identify
 i - 7 scrolls of remove curse
 m - 2 scrolls of magic mapping
 o - 4 scrolls of fog {unknown}
 r - 4 scrolls of teleportation
 y - 2 scrolls of amnesia
 z - a scroll of blinking {unknown}
Potions
 h - a potion of curing
 p - a potion of cancellation
 s - a potion of flight {unknown}
 u - a potion of magic {unknown}
 A - a potion of mutation {unknown}
 C - a potion of brilliance {unknown}
 D - a potion of ambrosia {unknown}


   Skills:
 + Level 8.4 Fighting
 - Level 1.7 Long Blades
 - Level 8.0 Armour
 - Level 7.0 Shields
 + Level 7.9 Invocations


You had 8 spell levels left.
You didn't know any spells.
Your spell library was empty.

Dungeon Overview and Level Annotations

Branches:
Dungeon (7/15)            Ossuary (visited)
 Temple: D:4-7

Altars:
Cheibriados
Fedhas
Hepliaklqana
Ru
Trog
The Shining One


Innate Abilities, Weirdness & Mutations

You are resistant to torment.
Your stone body is resilient. (AC +6)
You are immune to poison.
You resist negative energy. (rN+)
You are resistant to electric shocks. (rElec)
You can survive without breathing.
You are immune to petrification.
You are immune to miasma.


Message History

You block the deep elf mage's attack. You block the earth elemental's attack.
The earth elemental hits you!!
The deep elf mage gestures at you while chanting.
The stone arrow hits you!!
* * * LOW HITPOINT WARNING * * *
You feel much better.
The deep elf mage casts a spell.
You block the earth elemental's attack. The earth elemental hits you!!
* * * LOW HITPOINT WARNING * * *
As you read the scroll of fear, it crumbles to dust.
You assume a fearsome visage.
The deep elf mage looks frightened!
The earth elemental is unaffected. x4
The earth elemental disappears in a puff of smoke!
The deep elf mage gestures wildly while chanting.
The deep elf mage blinks!
As you read the scroll labelled QOOMAFF JEINUKH, it crumbles to dust.
It is a scroll of enchant armour.
Your +0 kite shield glows green for a moment.
The earth elemental hits you!!
You die...

.####.#...............
.........................
.####.#...................
......#...................
.###......................
.# #......................
.# #......................
## #............§E........
#...........§@E.)......
#.............E..........
#.............8..e.......
#........................
........######'#######...
#.......# #.. .. #########
#._ . #.. ###


You could see 3 earth elementals and a deep elf mage (fleeing).

Vanquished Creatures
  The ghost of FancyManDan the Ruffian, a novice DrTm of Sif Muna (D:6)
  Eustachio (D:4)
  A water moccasin (D:6)
  An ice beast (D:7)
  3 orc warriors
  A sky beast (D:5)
  3 ogres
  2 centaurs
  5 wights (D:6)
  3 quasits (D:6)
  A hound (D:4)
  7 orc wizards
  3 orc priests (D:7)
  A bullfrog skeleton (D:7)
  A centaur skeleton (D:5)
  2 iguanas (D:4)
  4 worker ants
  7 big kobold zombies (Ossuary)
  2 mummies
  A howler monkey zombie (D:5)
  19 adders
  A shadow imp (D:5)
  A white imp (D:5)
  An ufetubus (D:6)
  An ooze (D:6)
  An adder zombie (D:5)
  3 worms
  3 dart slugs
  7 leopard geckos
  18 orcs
  A spectral bat (Ossuary)
  A ball python (D:2)
  3 bats
  6 giant cockroaches
  5 gnoll zombies (Ossuary)
  6 goblins
  6 hobgoblins
  4 jackals
  4 quokkas
  A ball python skeleton (D:6)
  2 bat simulacra (Ossuary)
  4 frilled lizards
  A goblin simulacrum (Ossuary)
  2 goblin zombies (Ossuary)
  7 hobgoblin zombies (Ossuary)
  10 kobolds
  4 kobold simulacra (Ossuary)
  4 kobold zombies (Ossuary)
  5 orc zombies (Ossuary)
  A quokka skeleton (D:5)
  2 quokka zombies (D:5)
  13 rats
  3 rat simulacra (Ossuary)
  3 spectral goblins (Ossuary)
  3 spectral kobolds (Ossuary)
  A spectral rat (Ossuary)
207 creatures vanquished.

Notes
Turn   | Place    | Note
-------+----------+-------------------------------------------
     0 | D:1      | xSliceyx the Gargoyle Fighter began the quest for the Orb.
     0 | D:1      | Reached XP level 1. HP: 14/14 MP: 1/1
   102 | D:1      | Reached XP level 2. HP: 17/19 MP: 2/2
   752 | D:1      | Reached XP level 3. HP: 23/23 MP: 3/3
   985 | D:2      | Reached XP level 4. HP: 27/28 MP: 4/4
  1073 | D:2      | Found a faded altar of an unknown god.
  1082 | D:2      | Became a worshipper of Cheibriados the Contemplative
  1082 | D:2      | Reached * piety under Cheibriados
  1571 | D:3      | Reached XP level 5. HP: 29/32 MP: 5/5
  1574 | D:3      | Reached ** piety under Cheibriados
  1687 | D:3      | Reached skill level 5 in Armour
  1687 | D:3      | Reached skill level 5 in Shields
  2029 | D:4      | Found a sand-covered staircase.
  2146 | Ossuary  | Entered an ossuary
  2232 | Ossuary  | Reached *** piety under Cheibriados
  2302 | Ossuary  | Reached XP level 6. HP: 16/37 MP: 6/6
  2834 | D:4      | Noticed Eustachio
  2919 | D:4      | Killed Eustachio
  2920 | D:4      | Reached XP level 7. HP: 31/41 MP: 7/7
  3612 | D:5      | Entered Level 5 of the Dungeon
  3632 | D:4      | Reached **** piety under Cheibriados
  3884 | D:5      | Reached skill level 1 in Invocations
  3884 | D:5      | Reached XP level 8. HP: 46/46 MP: 7/9
  4410 | D:6      | Found a transporter.
  4419 | D:6      | Noticed FancyManDan's ghost (novice DrTm)
  4433 | D:6      | Found a transporter.
  4470 | D:6      | Reached skill level 5 in Fighting
  4519 | D:6      | Found a blossoming altar of Fedhas.
  4685 | D:6      | Reached ***** piety under Cheibriados
  4686 | D:6      | Reached skill level 5 in Invocations
  4709 | D:6      | Reached XP level 9. HP: 21/55 MP: 8/13
  4964 | D:6      | Found a bloodstained altar of Trog.
  4964 | D:6      | Found a glowing golden altar of the Shining One.
  5180 | D:6      | Killed FancyManDan's ghost
  5456 | D:7      | Found a sacrificial altar of Ru.
  5630 | D:7      | Found a hazy altar of Hepliaklqana.
  5711 | D:7      | Got an encrusted leather armour
  5722 | D:7      | Identified the +1 leather armour of the Lily {rF+ Dex+5}
                  | (You found it on level 7 of the Dungeon)
  5865 | D:7      | Found a snail-covered altar of Cheibriados.
  5865 | D:7      | Noticed a deep elf mage
  5879 | D:7      | Demolished by an earth elemental

Illustrated notes

Levels and vault maps discovered:
D:1:      scummos_arrival_checkerplants, layout_loops_ring
D:2:      layout_rooms, chequers_ecumenical_altar_simple
D:3:      layout_rooms
D:4:      layout_loops_ring, gup_ossuary_entry_pyramid,
          kennysheep_generic_room_11, uniq_eustachio
D:5:      layout_rooms, serial_bayou_pond_b
D:6:      layout_rooms, general_overflow_altar,
          gammafunk_temple_overflow_statue, gammafunk_ghost_stat_death,
          grunt_tough_drop
D:7:      layout_basic, nicolae_ru_sacrificial_ziggurat, temple_statues,
          basic_altar, david_defended_altar_elf

Skill      XL: |  1  2  3  4  5  6  7  8  9 |
---------------+----------------------------+-----
Armour         | 4 5 6 8 |  8.0
Shields        | 4 5 6 7 |  7.0
Invocations    | 1 5 7 |  7.9
Fighting       | 6 8 |  8.4
Long Blades    | |  1.7

Action                   |  1- 3 |  4- 6 |  7- 9 || total
-------------------------+-------+-------+-------++-------
Melee: Long sword        |    97 |   294 |   353 ||   744
Throw: Dart              |       |     3 |       ||     3
Invok: Bend Time         |       |       |     4 ||     4
  Use: Scroll            |       |     5 |     9 ||    14
       Potion            |       |       |     3 ||     3
Armor: Scale mail        |    56 |   121 |    88 ||   265
       Chain mail        |       |       |   255 ||   255
       Skin              |       |       |     1 ||     1
Dodge: Dodged            |    34 |    77 |   132 ||   243
Block: Kite shield       |    56 |   164 |   364 ||   584
       Rpst.: Long sword |    12 |    23 |    37 ||    72
